 Dungeon Crawl Stone Soup version 5.5-19-gbfab8aa (webtiles) character file.

42736 TextGenerator the Impaler (level 16, -11/134 (137) HPs) *SPEED*
             Began as a Merfolk Skald on May 16, 2018.
             Was the Champion of Makhleb.
             Killed by divine providence
             ... invoked by an orc priest
              (15 damage)
             ... on level 2 of the Orcish Mines on May 17, 2018.
             The game lasted 01:07:35 (8054 turns).

TextGenerator the Impaler (Merfolk Skald)           Turns: 8054, Time: 01:07:40

HP:   -11/134 (137) AC: 14 (0%)Str: 22   XL:     16   Next: 80%
MP:   7/10          EV: 30    Int: 16    God:    Makhleb [6*[200]]
Gold: 588           SH:  0    Dex: 22    Spells: 10/25 levels left

rFire    + + +     SeeInvis .   m - +7 bardiche (flame)
rCold    + . .     Faith    +   (shield currently unavailable)
rNeg     . . .     Spirit   .   I - +2 robe {rC+}
rPois    +         Reflect  .   H - +2 hat
rElec    .                      t - +0 cloak
rCorr    .                      z - +0 pair of gloves {Str+3}
MR       +....                  (no boots)
Stlth    ++........             w - amulet of faith
Regen    0.9/turn               U - ring of Oskuusy {rPois rF+++ MP+9 Str+5 Int+3}
MPRegen  0.3/turn               A - +5 ring of dexterity

@: regenerating, spectral weapon, icy armour, Turns until doom
A: change form in water, swift swim, stealthy swim
a: End Regeneration, End Ozocubu's Armour, Stop Singing, End Infusion, End
Spectral Weapon, Minor Destruction, Lesser Servant of Makhleb, Hurl Damnation,
Greater Servant of Makhleb, Renounce Religion


You were on level 2 of the Orcish Mines.
You worshipped Makhleb.
Makhleb was exalted by your worship.
You were not hungry.

You visited 3 branches of the dungeon, and saw 18 of its levels.
You visited the bazaar 2 times.
You also visited: Ossuary and Bailey.

You collected 2462 gold pieces.
You spent 1874 gold pieces at shops.

Inventory:

Hand Weapons
 a - a +0 spear
 m - a +7 bardiche of flaming (weapon)
 p - a +1 glaive of devastation
 C - a +2 halberd of freezing
Missiles
 y - 101 tomahawks (quivered)
 K - 168 poisoned darts
 M - 6 javelins
 P - 84 exploding tomahawks
Armour
 l - a +0 large shield
 t - a +0 cloak (worn)
 z - a +0 pair of gloves of strength (worn)
 H - a +2 hat (worn)
 I - a +2 robe of cold resistance (worn)
 J - a +0 troll leather armour
 N - a +1 shield of reflection
Jewellery
 b - a +5 ring of dexterity
 f - an uncursed ring of resist corrosion
 w - an amulet of faith (around neck)
 A - a +5 ring of dexterity (right hand)
 F - a +5 ring of intelligence
 Q - a +3 ring of slaying
 R - an uncursed ring of positive energy
 U - the ring of Oskuusy (left hand) {rPois rF+++ MP+9 Str+5 Int+3}
   (You bought it in a shop in a bazaar)

   [ring of strength]

   It affects your strength (+5).
   It affects your intelligence (+3).
   It renders you almost immune to fire.
   It protects you from poison.
   It affects your magic capacity (+9).
Wands
 g - a wand of disintegration (21)
 B - a wand of enslavement (3)
 G - a wand of flame (12)
 L - a wand of iceblast (10)
 T - a wand of paralysis (21)
Scrolls
 d - 6 scrolls of enchant armour
 e - 5 scrolls of magic mapping
 i - 7 scrolls of teleportation
 r - a scroll of fear
 u - 4 scrolls of amnesia
 E - a scroll of blinking
Potions
 c - a potion of haste
 j - 2 potions of berserk rage
 k - a potion of ambrosia
 n - 4 potions of cancellation
 o - 2 potions of invisibility
 s - 16 potions of mutation
 v - 2 potions of lignification
 x - 3 potions of flight
 D - 3 potions of magic
 O - a potion of heal wounds
 S - a potion of resistance
Miscellaneous
 q - a fan of gales


   Skills:
 + Level 15.7 Fighting
 + Level 19.7 Polearms
 - Level 0.6 Armour
 + Level 18.3 Dodging
 - Level 13.0 Charms
 - Level 10.0 Ice Magic
 + Level 3.6 Invocations


You had 10 spell levels left.
You knew the following spells:

 Your Spells              Type           Power        Failure   Level  Hunger
a - Infusion              Chrm           25 (25)      1%          1    N/A
b - Song of Slaying       Chrm           41 (100)     1%          2    N/A
c - Regeneration          Chrm/Necr      20 (200)     5%          3    N/A
d - Ozocubu's Armour      Chrm/Ice       36 (100)     2%          4    N/A
e - Spectral Weapon       Chrm/Summ      20 (100)     43%         5    N/A

Dungeon Overview and Level Annotations

Branches:
Dungeon (15/15)             Snake (0/3) Orc:2         Slime (0/4) Orc:2
    Orc (2/2) D:15         Vaults (0/3) D:15         Depths (0/3) D:15
 Bazaar (1/1)
  Swamp: Orc:2       Shoals: Orc:2

Altars:
Cheibriados
Dithmenos
Elyvilon
Gozag
Jiyva
Kikubaaqudgha
Makhleb
Nemelex Xobeh
Okawaru
Qazlal
Ru
Sif Muna
Trog
Uskayaw
Xom
Yredelemnul
Zin
The Shining One

Shops:
Bazaar }**=[*!!


Message History

The orc warrior throws a tomahawk.
The tomahawk hits you (4).
The stone giant throws a large rock.
The large rock hits you (39)!!!
An orc priest comes into view. It is wielding a +0 dagger.
The orc warrior throws a tomahawk.
The tomahawk completely misses you (0). The stone giant hits you (28)!!
* * * LOW HITPOINT WARNING * * *
An orc comes into view. It is wielding a +0 dagger.
You slice the stone giant (22)!!
There is a fiery explosion!
The stone giant is burned (5)!
The stone giant is moderately wounded.
You hear a shout! x6
Your spectral weapon hits the stone giant from afar (24)!!
There is a fiery explosion!
The stone giant is burned (12)!
The orc warrior throws a tomahawk.
The tomahawk hits you but does no damage.
The stone giant hits you (25)!!
* * * LOW HITPOINT WARNING * * *
The orc priest mumbles some strange prayers to Beogh against you.
Beogh smites you (15)!
You die...

..............
...............
............o.. ..
##.............
..##..............
........#.........
..........C.....o.
..........@.......
.......o).(..#....
....#.)......# .
#.........##
##.....)....#
........)....##
........#))).#
........##..## ###
.....#.####[.###
#..


You could see a stone giant, an orc warrior, an orc priest, an orc and a
friendly spectral bardiche of flaming.

Vanquished Creatures
  Frances (D:13)
  A fire giant (D:15)
  Nessos (D:13)
  2 ettins
  Erolcha (D:11)
  7 vault guards (D:15)
  4 centaur warriors
  An ogre mage (D:15)
  Erica (D:9)
  10 two-headed ogres
  A deep troll earth mage (D:11)
  Urug (D:12)
  A tengu warrior (D:14)
  A wizard (D:13)
  3 deep elf magi
  An orc knight (Bailey)
  8 ugly things
  3 manticores
  11 cyclopes
  A gargoyle (D:13)
  A spiny frog (D:13)
  3 efreet
  2 rime drakes
  7 trolls
  15 slime creatures
  13 blink frogs
  3 meliai (D:13)
  5 large abominations (D:13)
  2 shadows
  5 yaks (D:10)
  2 wraiths
  4 wyverns
  A vampire (D:15)
  A steam dragon (D:11)
  An angry ghost (D:10)
  2 acid dragons
  5 wargs (Orc:1)
  7 small abominations (D:13)
  2 water moccasins
  22 orc warriors
  A swamp drake (D:10)
  4 ice beasts
  A wasp (D:12)
  2 spiny frog skeletons (D:8)
  2 black bears
  13 ogres
  2 wolves (Orc:1)
  28 centaurs
  2 elf zombies (Ossuary)
  2 bullfrogs (D:6)
  2 wyvern zombies
  3 wyvern skeletons
  8 scorpions
  5 crimson imps
  12 killer bees
  5 howler monkeys
  9 wights (D:8)
  A lava snake (Orc:1)
  4 centaur zombies
  4 quasits
  A wasp zombie (D:13)
  5 centaur skeletons
  A gnoll shaman (D:8)
  11 orc priests
  2 hounds (D:7)
  An iron imp (D:10)
  10 jellies
  17 orc wizards
  A bullfrog skeleton (D:6)
  10 worker ants
  2 killer bee zombies
  A big kobold zombie (Ossuary)
  A hound skeleton (D:4)
  2 mummies (Ossuary)
  A worker ant zombie (D:5)
  10 gnolls
  7 adders
  4 shadow imps
  A white imp (D:10)
  An ooze (D:5)
  2 adder zombies (Ossuary)
  An adder skeleton (D:4)
  A dart slug (D:4)
  47 orcs
  10 quokkas
  16 bats
  3 giant cockroaches
  12 goblins
  3 hobgoblins (D:2)
  5 jackals
  8 kobolds
  3 ball pythons
  7 frilled lizards
  2 goblin zombies
  16 hobgoblin zombies
  A jackal skeleton (D:5)
  3 jackal zombies
  A kobold skeleton (D:7)
  8 kobold zombies (Ossuary)
  An orc skeleton (D:7)
  5 orc zombies
  8 rats
  A rat zombie (Ossuary)
526 creatures vanquished.

Vanquished Creatures (others)
  A hound (D:6)
  An orc (Bailey)
  A fungus (D:9)
  3 spectral weapons
6 creatures vanquished.

Grand Total: 532 creatures vanquished

Notes
Turn   | Place    | Note
-------+----------+-------------------------------------------
     0 | D:1      | TextGenerator the Merfolk Skald began the quest for the Orb.
     0 | D:1      | Reached XP level 1. HP: 16/16 MP: 2/2
    28 | D:1      | Reached XP level 2. HP: 23/23 MP: 3/3
   106 | D:1      | Reached XP level 3. HP: 18/28 MP: 2/4
   322 | D:1      | Reached skill level 4 in Polearms
   344 | D:1      | Reached XP level 4. HP: 16/35 MP: 2/5
   432 | D:1      | Learned a level 2 spell: Song of Slaying
   618 | D:2      | Reached XP level 5. HP: 41/41 MP: 1/5
   771 | D:2      | Found a bloodstained altar of Trog.
   786 | D:2      | Found a faded altar of an unknown god.
   909 | D:2      | Learned a level 3 spell: Regeneration
   927 | D:3      | Noticed a hand axe
   927 | D:3      | Noticed a dagger
   930 | D:3      | Found a hide-covered altar of Uskayaw.
   934 | D:3      | Reached skill level 5 in Polearms
  1026 | D:3      | Reached skill level 5 in Charms
  1069 | D:3      | Reached XP level 6. HP: 42/48 MP: 2/6
  1187 | D:3      | Found a stormy altar of Qazlal.
  1188 | D:3      | Noticed an air elemental
  1193 | D:3      | Noticed a water elemental
  1193 | D:3      | Noticed a fire elemental
  1356 | D:4      | Found a sparkling altar of Nemelex Xobeh.
  1377 | D:4      | Found a white marble altar of Elyvilon.
  1413 | D:4      | Found a sacrificial altar of Ru.
  1427 | D:4      | Reached skill level 6 in Polearms
  1427 | D:4      | Reached XP level 7. HP: 48/55 MP: 2/8
  1456 | D:4      | Found a sand-covered staircase.
  1463 | Ossuary  | Entered an ossuary
  1521 | Ossuary  | Reached skill level 5 in Dodging
  1573 | Ossuary  | Reached skill level 5 in Fighting
  1583 | Ossuary  | Reached skill level 7 in Polearms
  1663 | Ossuary  | Reached XP level 8. HP: 27/62 MP: 0/9
  1768 | D:4      | Found a burning altar of Makhleb.
  1793 | D:4      | Found an iron altar of Okawaru.
  1824 | D:4      | Became a worshipper of Makhleb the Destroyer
  1896 | D:4      | Found a snail-covered altar of Cheibriados.
  1938 | D:4      | Reached skill level 8 in Polearms
  1981 | D:4      | Learned a level 4 spell: Ozocubu's Armour
  2048 | D:5      | Entered Level 5 of the Dungeon
  2238 | D:5      | Found an opulent altar of Gozag.
  2288 | D:5      | Reached XP level 9. HP: 71/71 MP: 4/6
  2356 | D:5      | Found a deep blue altar of Sif Muna.
  2528 | D:6      | Reached skill level 9 in Polearms
  2623 | D:6      | Reached * piety under Makhleb
  2675 | D:6      | Found a shimmering altar of Xom.
  2694 | D:6      | Reached skill level 10 in Polearms
  2750 | D:6      | Reached XP level 10. HP: 80/80 MP: 4/7
  2860 | D:6      | Found a viscous altar of Jiyva.
  2945 | D:6      | Reached ** piety under Makhleb
  3018 | D:7      | Reached skill level 10 in Dodging
  3021 | D:7      | Reached skill level 11 in Polearms
  3137 | D:7      | Found a glowing silver altar of Zin.
  3143 | D:7      | Found a glowing golden altar of the Shining One.
  3194 | D:7      | Found a shadowy altar of Dithmenos.
  3332 | D:7      | Found a basalt altar of Yredelemnul.
  3346 | D:7      | Found an ancient bone altar of Kikubaaqudgha.
  3532 | D:8      | Reached *** piety under Makhleb
  3608 | D:8      | Reached XP level 11. HP: 89/89 MP: 4/9
  3634 | D:8      | Reached skill level 10 in Charms
  3653 | D:8      | Found a viscous altar of Jiyva.
  3660 | D:8      | Reached skill level 12 in Polearms
  3905 | D:8      | Learned a level 5 spell: Spectral Weapon
  3914 | D:9      | Noticed Erica
  4142 | D:9      | Reached skill level 1 in Ice Magic
  4156 | D:9      | HP: 3/90 [poisoned by a killer bee]
  4157 | D:9      | HP: 1/90 [poisoned by a killer bee]
  4162 | D:9      | HP: 4/90 [poisoned by a killer bee]
  4218 | D:9      | Reached **** piety under Makhleb
  4422 | D:9      | Killed Erica
  4422 | D:9      | Reached skill level 10 in Fighting
  4424 | D:10     | Entered Level 10 of the Dungeon
  4480 | D:10     | Reached skill level 13 in Polearms
  4591 | D:10     | Noticed a two-headed ogre
  4598 | D:10     | Killed a two-headed ogre
  4673 | D:10     | Reached XP level 12. HP: 95/95 MP: 5/9
  4766 | D:10     | Reached ***** piety under Makhleb
  4766 | D:10     | Reached skill level 5 in Ice Magic
  4810 | D:10     | Reached skill level 14 in Polearms
  4934 | D:11     | Noticed Erolcha
  4948 | D:11     | Killed Erolcha
  4973 | D:11     | Found a gateway to a bazaar.
  4982 | Bazaar   | Entered a bazaar
  4982 | Bazaar   | Found Tiumaumi's Gadget Shoppe.
  4982 | Bazaar   | Found Senetough's General Store.
  4982 | Bazaar   | Found Hogeror's General Store.
  4982 | Bazaar   | Found Otaeps's Jewellery Shop.
  4984 | Bazaar   | Found Kurhudyu's Antique Armour Emporium.
  4984 | Bazaar   | Found Wauxzel's Assorted Antiques.
  4985 | Bazaar   | Found Nihegaze's Distillery.
  5050 | D:11     | Reached XP level 13. HP: 103/104 MP: 3/12
  5117 | D:11     | Reached skill level 15 in Polearms
  5598 | D:12     | Noticed Urug
  5609 | D:12     | Killed Urug
  5687 | D:12     | Reached skill level 16 in Polearms
  5843 | D:13     | Reached skill level 15 in Dodging
  5844 | D:13     | Reached XP level 14. HP: 104/113 MP: 10/13
  5991 | D:13     | Noticed Nessos
  6000 | D:13     | Killed Nessos
  6213 | D:13     | Noticed Frances
  6225 | D:13     | Reached ****** piety under Makhleb
  6236 | D:13     | Killed Frances
  6236 | D:13     | Reached skill level 17 in Polearms
  6384 | D:14     | Reached XP level 15. HP: 80/122 MP: 2/13
  6474 | D:14     | Found a flagged portal.
  6495 | Bailey   | Entered a bailey
  6918 | D:14     | Reached skill level 18 in Polearms
  6939 | D:15     | Entered Level 15 of the Dungeon
  7091 | D:15     | Found a staircase to the Depths.
  7091 | D:15     | Noticed a fire giant
  7103 | D:15     | Killed a fire giant
  7173 | D:15     | Found a staircase to the Orcish Mines.
  7222 | D:15     | Reached XP level 16. HP: 77/131 MP: 12/14
  7227 | D:15     | Reached skill level 15 in Fighting
  7242 | D:15     | Reached skill level 19 in Polearms
  7288 | D:15     | Found a gate to the Vaults.
  7415 | Orc:1    | Entered Level 1 of the Orcish Mines
  7422 | Orc:1    | Reached skill level 10 in Ice Magic
  7491 | Orc:1    | Found a gateway to a bazaar.
  7491 | Orc:1    | Found an opulent altar of Gozag.
  7511 | Bazaar   | Bought the ring of Oskuusy {rPois rF+++ MP+9 Str+5 Int+3} for 1874 gold pieces
  7645 | Orc:1    | Reached skill level 1 in Invocations
  7889 | Orc:2    | Entered Level 2 of the Orcish Mines
  7889 | Orc:2    | Found a staircase to the Slime Pits.
  7901 | Orc:2    | Found a viscous altar of Jiyva.
  7942 | Orc:2    | Found a staircase to the Snake Pit.
  8054 | Orc:2    | HP: 4/134 [stone giant (25)]
  8054 | Orc:2    | Killed from afar by an orc priest

Skill      XL: |  1  2  3  4  5  6  7  8  9 10 11 12 13 14 15 16 |
---------------+-------------------------------------------------+-----
Dodging        | 2 3 4 5 7 9 10 12 13 15 16 17 18 | 18.3
Polearms       | 4 5 6 7 8 10 11 13 14 16 17 18 19 | 19.7
Fighting       | 3 4 5 6 7 9 10 11 12 13 14 15 | 15.7
Charms         | 5 6 7 8 9 10 11 12 13 | 13.0
Ice Magic      | 4 6 8 9 10 | 10.0
Invocations    | 3 |  3.6
Armour         | |  0.6

Action                   |  1- 3 |  4- 6 |  7- 9 | 10-12 | 13-15 | 16-18 || total
-------------------------+-------+-------+-------+-------+-------+-------++-------
Melee: Spear             |    62 |   120 |   117 |       |       |       ||   299
       Glaive            |       |       |    91 |   106 |   166 |       ||   363
       Halberd           |       |       |       |   236 |    44 |       ||   280
       Bardiche          |       |       |       |       |   183 |   149 ||   332
       Tailslap          |       |       |       |       |     1 |       ||     1
 Cast: Infusion          |     1 |       |       |       |       |       ||     1
       Song of Slaying   |       |     1 |       |       |       |       ||     1
       Regeneration      |       |       |     1 |       |       |       ||     1
       Ozocubu's Armour  |       |       |       |     1 |       |       ||     1
       Spectral Weapon   |       |       |       |       |       |     1 ||     1
Evoke: Wand              |       |       |       |     1 |       |       ||     1
  Use: Scroll            |       |     1 |     2 |     2 |     9 |       ||    14
       Potion            |       |       |       |     3 |     3 |       ||     6
 Stab: Sleeping          |       |     1 |     2 |     4 |     2 |       ||     9
       Paralysed         |       |       |     1 |       |       |       ||     1
Armor: Leather armour    |     9 |    13 |    22 |    41 |       |       ||    85
       Robe              |       |       |       |     9 |    69 |    11 ||    89
Dodge: Dodged            |    34 |    63 |   126 |   399 |   499 |   136 ||  1257
